 Dungeon Crawl Stone Soup version 0.22-a0-398-g8bb545f (webtiles) character file.

23 FangTR18 the Conjurer (level 2, -3/15 HPs)
             Began as a Deep Elf Conjurer on May 6, 2018.
             Slain by Natasha (8 damage)
             ... on level 1 of the Dungeon.
             The game lasted 00:04:13 (1341 turns).

FangTR18 the Conjurer (Deep Elf Conjurer)           Turns: 1341, Time: 00:04:14

Health: -3/15      AC:  2    Str:  5    XL:     2   Next: 72%
Magic:  0/8        EV: 13    Int: 19    God:
Gold:   25         SH:  0    Dex: 15    Spells: 6/7 levels left

rFire    . . .     SeeInvis .   k - -3 short sword (curse)
rCold    . . .     Gourm    .   (no shield)
rNeg     . . .     Faith    .   a - +0 robe
rPois    .         Spirit   +   (no helmet)
rElec    .         Reflect  .   i - scarf {Spirit}
rCorr    .         Harm     .   (no gloves)
MR       .....                  (no boots)
Stlth    ++........             (no amulet)
HPRegen  0.05/turn              (no ring)
MPRegen  0.11/turn              (no ring)

@: slowed, very slow
A: no striking features
a: no special abilities


You were on level 1 of the Dungeon.
You were very hungry.

You visited 1 branch of the dungeon, and saw 2 of its levels.

You collected 25 gold pieces.

Inventory:

Hand Weapons
 d - a +1 whip of venom
 e - a +0 dagger
 k - a cursed -3 short sword (weapon)
Armour
 a - a +0 robe (worn)
 i - a scarf of spirit shield (worn)
Jewellery
 g - an uncursed ring of flight {unknown}
Potions
 b - a potion of invisibility {unknown}
 f - a potion of berserk rage {unknown}
Comestibles
 c - 3 rations


   Skills:
 - Level 3.0 Dodging
 - Level 3.0 Stealth
 - Level 3.0 Spellcasting
 + Level 4.8 Conjurations


You had 6 spell levels left.
You knew the following spells:

 Your Spells              Type           Power        Failure   Level  Hunger
a - Magic Dart            Conj           ###.         1%          1    None


Dungeon Overview and Level Annotations

Branches:
Dungeon (2/15)

Altars:

Annotations:
D:1 Natasha


Message History

Confirm with . or Enter, or press ? or * to list all spells.
Aiming: Magic Dart (safe; 1% risk of failure)
Press: ? - help, Shift-Dir - straight line, f/p - Natasha
Aim: Natasha (moderately wounded)
The magic dart hits Natasha.
Natasha is moderately wounded.
Natasha closely misses you.
Natasha wildly gestures.
Natasha glows brightly for a moment.
Natasha claws you.
Casting: Magic Dart (safe; 1% risk of failure)
Confirm with . or Enter, or press ? or * to list all spells.
Aiming: Magic Dart (safe; 1% risk of failure)
Press: ? - help, Shift-Dir - straight line, f/p - Natasha
Aim: Natasha (moderately wounded)
The magic dart hits Natasha.
Natasha is heavily wounded.
Natasha claws you!
Ouch! That really hurt!
You die...

♣♣♣♣.P♣.##...##..#
#.....# P♣
♣♣.P.##.#.##..# ♣.♣#♣##
♣♣ ♣P..##.#..#..#####.#
♣♣♣♣PPP.......#......♣.♣
PP♣PPP...........####..#
PP.♣.P....)..#...# #.##
..P...#......#...# #.#
#..P.##########..# #.#
#..### #.@####.# ##.#
#.h.....# ##.# #########
##.# ##.# ##.# ##.# ##.#
##.#


You could see Natasha.

Vanquished Creatures
  An ooze (D:1)
  3 bats (D:1)
  3 goblins (D:1)
  5 kobolds (D:1)
  2 frilled lizards (D:1)
  4 rats (D:1)
18 creatures vanquished.

Vanquished Creatures (others)
  A plant (D:1)
1 creature vanquished.

Grand Total: 19 creatures vanquished

Notes
Turn   | Place    | Note
-------+----------+-------------------------------------------
     0 | D:1      | FangTR18 the Deep Elf Conjurer began the quest for the Orb.
     0 | D:1      | Reached XP level 1. HP: 10/10 MP: 6/6
   294 | D:1      | Reached XP level 2. HP: 15/15 MP: 8/8
  1335 | D:2      | Noticed Natasha
  1341 | D:1      | Slain by Natasha

Vault maps used:
D:1:      lightli_arrival_maybe_door_vault, serial_forest,
          infiniplex_forest_clump_large, infiniplex_forest_lined_corner,
          infiniplex_forest_clump_double, infiniplex_forest_clump_small,
          infiniplex_forest_clump_tiny, infiniplex_forest_split,
          infiniplex_forest_straight_4, infiniplex_forest_clump_tiny,
          infiniplex_forest_straight_2
D:2:      old_standard_altar, uniq_natasha

Skill      XL: |  1  2 |
---------------+-------+-----
Dodging        | 3 |  3.0
Stealth        | 3 |  3.0
Spellcasting   | |  3.0
Conjurations   | |  4.8

Action                   || total
-------------------------++-------
Melee: Dagger            ||     4
       Short sword       ||   114
       Whip              ||     2
 Cast: Magic Dart        ||    37
  Use: Scroll            ||     2
 Stab: Sleeping          ||     3
Armor: Robe              ||     2
Dodge: Dodged            ||     3

Table legend:
 A = Spawn XP
 B = Non-spawn XP
 C = Spawn XP percentage of total XP
 D = Spawn monster count
 E = Non-spawn monster count
 F = Spawn count percentage of total count
 G = Total turns spent on level
                    A         B        C        D         E        F      G
               +---------+---------+-------+---------+---------+-------+---------
         Total |       0 |      33 |   0.0 |       0 |      18 |   0.0 |  1341
               +---------+---------+-------+---------+---------+-------+---------
           D:1 |       0 |      33 |   0.0 |       0 |      18 |   0.0 |  1338
               +---------+---------+-------+---------+---------+-------+---------
